 Dungeon Crawl Stone Soup version 0.29.1 (webtiles) character file.

Game seed: 95774202585359386

702 qw the Chopper (level 7, -5/43 HPs)
             Began as a Gargoyle Fighter on Sept 13, 2022.
             Slain by a gnoll
             ... wielding a +0 spear
              (6 damage)
             ... on level 5 of the Dungeon.
             The game lasted 00:01:13 (4110 turns).

qw the Chopper (Gargoyle Fighter)                   Turns: 4110, Time: 00:01:14

Health: -5/43      AC: 16    Str: 21    XL:     7   Next: 66%
Magic:  7/7        EV:  7    Int:  9    God:
Gold:   267        SH:  5    Dex: 15    Spells: 6/6 levels left

rFire   + . .      SeeInvis .   Y - +1 war axe
rCold   . . .      Faith    .   c - +0 buckler
rNeg    + . .      Spirit   .   j - +0 chain mail
rPois   inf        Reflect  .   (no helmet)
rElec   +          Harm     .   (no cloak)
rCorr   .          Rampage  .   a - +0 pair of gloves
Will    .....                   h - +0 pair of boots
Stlth   ..........              (no amulet)
HPRegen 0.14/turn               e - +6 ring of dexterity
MPRegen 0.10/turn               b - ring of protection from fire

@: no status effects
A: sickness immunity, AC +4, negative energy resistance 1, electricity
resistance, torment resistance 1, petrification resistance
a: no special abilities


You were on level 5 of the Dungeon.
You visited 1 branch of the dungeon, and saw 5 of its levels.

You collected 267 gold pieces.


Innate Abilities, Weirdness & Mutations

You are immune to sickness and miasma.
Your stone body is resilient. (AC +4)
You are immune to poison.
You resist negative energy. (rN+)
You are resistant to electric shocks. (rElec)
You are resistant to unholy torment.
You are immune to petrification.


   Skills:
 + Level 4.0 Fighting
 - Level 7.3 Axes
 - Level 3.2 Armour
 - Level 1.0 Dodging
 - Level 3.2 Shields


You had 6 spell levels left.
You didn't know any spells.
Your spell library was empty.

Inventory:

Hand Weapons
 f - a +0 club
 Y - a +1 war axe (weapon)
Armour
 a - a +0 pair of gloves (worn)
 c - a +0 buckler (worn)
 h - a +0 pair of boots (worn)
 j - a +0 chain mail (worn)
Jewellery
 b - a ring of protection from fire (right hand)
 e - a +6 ring of dexterity (left hand)
 g - a ring of fire
 i - a ring of willpower
Scrolls
 m - 2 scrolls of identify
 p - a scroll of brand weapon {unknown}
Potions
 d - a potion of might
 k - a potion of haste
 l - a potion of mutation
 n - a potion of curing {unknown}
 o - a potion of flight {unknown}

Dungeon Overview and Level Annotations

Branches:
Dungeon (5/15)
 Temple: D:4-7

Altars:
Sif Muna


Message History

You hit Pikel.
Pikel is heavily wounded.
The gnoll hits you but does no damage. You block Pikel's attack.
The lemure shouts!
You hit Pikel but do no damage.
Pikel is heavily wounded.
You hear a shout!
The gnoll hits you but does no damage.
Pikel hits you with a +0 whip of flaming.
Pikel burns you. You block the gnoll's attack.
Pikel hits you with a +0 whip of flaming.
You barely miss Pikel.
Pikel is heavily wounded.
Pikel hits you with a +0 whip of flaming.
The gnoll closely misses you.
You slash Pikel!
Pikel is severely wounded.
The gnoll hits you but does no damage. Pikel hits you but does no damage.
You closely miss Pikel.
Pikel is severely wounded.
You block the gnoll's attack. Pikel hits you but does no damage.
You slash Pikel!
You kill Pikel!
With Pikel's spell broken, his former minions thank you for their freedom.
The lemure departs this earthly plane. x3
The gnoll hits you from afar with a +0 spear.
The gnoll hits you but does no damage.
Your Axes skill gained 2 levels and is now at level 7!
You have reached level 7!
The gnoll hits you from afar with a +0 halberd.
The gnoll hits you but does no damage.
Things that are here:
a +0 flail; a gnoll corpse You hit the gnoll.
The gnoll is lightly wounded.
The gnoll hits you with a +0 spear. You block the gnoll's attack.
You slash the gnoll!
The gnoll is almost dead.
You block the gnoll's attack. The gnoll hits you with a +0 spear.
You die...

. #....?.... ..
#.######## ...###..#
........########
'##............#
.##.##..######.#
('......# #.#..
.##.##..######.##.#..
# #.@.¤¤¤.¤.......
#g#######>##.#.# #.g
.....#.# #..
###.##.#.# ...
##.#.##.#.# .....
..........# ....##.
##.#.##.#.#
##.###...#..#....#.#
7...........####


You could see 2 gnolls.

Vanquished Creatures
  Pikel (D:5)
  A lemure (D:5)
  2 scorpions
  3 iguanas
  2 adders (D:2)
  A gnoll (D:5)
  A worm (D:3)
  3 dart slugs (D:1)
  8 orcs (D:3)
  4 ball pythons
  3 endoplasms
  7 goblins
  5 hobgoblins
  8 jackals
  9 kobolds
  7 quokkas
  3 bats
  2 frilled lizards
  2 rats
72 creatures vanquished.

Notes
Turn   | Place    | Note
-------+----------+-------------------------------------------
     0 | D:1      | qw the Gargoyle Fighter began the quest for the Orb.
     0 | D:1      | Reached XP level 1. HP: 14/14 MP: 1/1
     0 | D:1      | 0 ||| qw: Version: 0.1-a-119-g272c26d
     0 | D:1      | 0 ||| qw: Game counter: 11122
     0 | D:1      | 0 ||| qw: Always use a shield: true
     0 | D:1      | 0 ||| qw: God list: Okawaru
     0 | D:1      | 0 ||| qw: Allow faded altars: false
     0 | D:1      | 0 ||| qw: Do Orc after D:15 true
     0 | D:1      | 0 ||| qw: Do second Lair branch before Depths: true
     0 | D:1      | 0 ||| qw: Lair rune preference: random
     0 | D:1      | 0 ||| qw: Plans: Normal, Zot, God:TSO, Crypt, Tomb, Pan,
                  | Slime, Hells, Zig, Abyss, Orb
     0 | D:1      | 0 ||| PLANNING D:1-11
    86 | D:1      | Reached skill level 2 in Axes
   193 | D:1      | 193 ||| Stepping ~*~*~tactically~*~*~ (stealth).
   195 | D:1      | Reached XP level 2. HP: 14/19 MP: 2/2
   342 | D:1      | 342 ||| Stepping ~*~*~tactically~*~*~ (stealth).
   348 | D:1      | 348 ||| Stepping ~*~*~tactically~*~*~ (stealth).
   349 | D:1      | 349 ||| Stepping ~*~*~tactically~*~*~ (stealth).
   439 | D:1      | 439 ||| Stepping ~*~*~tactically~*~*~ (hiding).
   451 | D:1      | Reached skill level 3 in Axes
   627 | D:1      | Reached XP level 3. HP: 23/23 MP: 3/3
   984 | D:1      | 984 ||| UPGRADING to +6 ring of dexterity.
   985 | D:1      | 985 ||| READING scroll labelled MUH KISUBEUBO.
  1086 | D:2      | Found a shimmering blue altar of Sif Muna.
  1104 | D:2      | Reached skill level 1 in Dodging
  1526 | D:2      | Reached XP level 4. HP: 28/28 MP: 4/4
  1536 | D:2      | 1536 ||| Stepping ~*~*~tactically~*~*~ (stealth).
  1581 | D:2      | Found a faded altar of an unknown god.
  1948 | D:2      | 1948 ||| UPGRADING to +0 pair of gloves.
  1953 | D:2      | 1953 ||| UPGRADING to +0 chain mail.
  1963 | D:2      | 1963 ||| DROPPING +0 scale mail.
  1964 | D:2      | 1964 ||| READING scroll labelled QOSOTRAO SETSI.
  1967 | D:2      | 1967 ||| READING 3 scrolls labelled JUTIHO DIPHY.
  1968 | D:2      | 1968 ||| READING 3 scrolls labelled TOITHU FEDERGH.
  1969 | D:2      | 1969 ||| READING scroll labelled DUENAONYCO.
  1970 | D:2      | 1970 ||| READING 2 scrolls of identify.
  1970 | D:2      | 1970 ||| IDENTIFYING glowing cyan potion
  1971 | D:2      | 1971 ||| DROPPING potion of brilliance.
  1972 | D:2      | 1972 ||| DROPPING 2 scrolls of amnesia.
  2086 | D:3      | 2086 ||| Stepping ~*~*~tactically~*~*~ (stealth).
  2141 | D:3      | 2141 ||| DROPPING +1 whip of distortion.
  2194 | D:3      | Reached skill level 4 in Axes
  2213 | D:3      | 2213 ||| UPGRADING to ring of protection from fire.
  2214 | D:3      | 2214 ||| READING 2 scrolls of identify.
  2214 | D:3      | 2214 ||| IDENTIFYING cyan potion
  2637 | D:3      | 2637 ||| Stepping ~*~*~tactically~*~*~ (stealth).
  2649 | D:3      | Reached XP level 5. HP: 31/32 MP: 5/5
  2856 | D:3      | 2856 ||| UPGRADING to +0 pair of boots.
  2861 | D:3      | 2861 ||| DROPPING amulet of magic regeneration.
  2862 | D:3      | 2862 ||| READING 2 scrolls of identify.
  2862 | D:3      | 2862 ||| IDENTIFYING smoky sapphire potion
  2881 | D:4      | 2881 ||| STAIRDANCE
  3623 | D:4      | Reached skill level 5 in Axes
  3623 | D:4      | Reached XP level 6. HP: 35/37 MP: 6/6
  3677 | D:5      | Entered Level 5 of the Dungeon
  3722 | D:5      | 3722 ||| Stepping ~*~*~tactically~*~*~ (stealth).
  3725 | D:5      | Noticed Pikel
  3726 | D:5      | 3726 ||| Stepping ~*~*~tactically~*~*~ (stealth).
  3739 | D:5      | HP: 9/38 [Pikel/+0 whip of flaming (3)]
  3739 | D:5      | HP: 3/38 [Pikel/+0 whip of flaming (5)]
  3740 | D:5      | 3740 ||| READING scroll of teleportation.
  4091 | D:5      | 4091 ||| Stepping ~*~*~tactically~*~*~ (stealth).
  4093 | D:5      | 4093 ||| Stepping ~*~*~tactically~*~*~ (stealth).
  4107 | D:5      | Killed Pikel
  4107 | D:5      | HP: 7/38 [gnoll/+0 spear (6)]
  4108 | D:5      | Reached skill level 7 in Axes
  4108 | D:5      | Reached XP level 7. HP: 8/43 MP: 7/7
  4109 | D:5      | HP: 1/43 [gnoll/+0 spear (4)]
  4110 | D:5      | Slain by a gnoll

Levels and vault maps discovered:
D:1:      psy_arrival_basics, layout_loops_ring
D:2:      layout_basic, basic_altar,
          dreamdust_ecumenical_altar_angels_and_demons
D:3:      layout_loops_ring, serial_glass, glass_columns_b, glass_columns_a,
          glass_columns_c, glass_columns_a, glass_columns_b, glass_columns_a,
          glass_columns_c, glass_columns_a, minmay_box_of_dots
D:4:      layout_loops_cross
D:5:      kennysheep_slugbush, layout_basic, grunt_ministairs_13, uniq_pikel

Skill      XL: |  1  2  3  4  5  6 |
---------------+-------------------+-----
Axes           | 2 3 4 5 7 |  7.3
Dodging        | 1 |  1.0
Fighting       | 4 |  4.0
Armour         | |  3.2
Shields        | |  3.2

Action                   |  1- 3 |  4- 6 |  7- 9 || total
-------------------------+-------+-------+-------++-------
Melee: War axe           |    90 |   141 |     2 ||   233
  Use: Scroll            |     1 |     8 |       ||     9
Armor: Scale mail        |    35 |     9 |       ||    44
       Chain mail        |       |    62 |     1 ||    63
Dodge: Dodged            |    44 |    50 |       ||    94
Block: Buckler           |    17 |    33 |     2 ||    52

Table legend:
 A = Non-vault XP
 B = Vault XP
 C = Vault XP percentage of total XP
 D = Non-vault monster count
 E = Vault monster count
 F = Vault count percentage of total count
                 A         B        C        D         E       F
            +---------+---------+-------+---------+---------+-------
      Total |     347 |     656 |  65.4 |      66 |       5 |   7.0
            +---------+---------+-------+---------+---------+-------
        D:1 |      38 |       0 |   0.0 |      19 |       0 |   0.0
        D:2 |      54 |       0 |   0.0 |      17 |       0 |   0.0
        D:3 |      83 |       6 |   6.7 |      22 |       3 |  12.0
        D:4 |     158 |       0 |   0.0 |       7 |       0 |   0.0
        D:5 |      14 |     650 |  97.9 |       1 |       2 |  66.7
            +---------+---------+-------+---------+---------+-------
